[Event "Titled Tuesday Blitz March 28 Late 2023"]
[White "Taboas Rodriguez, Daniel"]
[Black "Zampronha, Wladimir Camilo"]
[WhiteFideId "2208466"]
[BlackFideId "2103087"]
[WhiteElo "2365"]
[BlackElo "2176"]
[Result "1-0"]
[Round "02"]
[TimeControl "180+2"]
[Date "2023.03.28"]
[WhiteClock "0:01:15"]
[BlackClock "0:00:17"]

1. d4 Nf6 2. Nf3 e6 3. c4 b6 4. Nc3 Bb7 5. Bg5 Bb4 6. Nd2 O-O 7. f3 h6 8. Bh4 c5 9. dxc5 Bxc5 10. e4 Nc6 11. Nb3 Be7 12. Bf2 d5 13. cxd5 exd5 14. exd5 Nb4 15. Bc4 Nbxd5 16. Nxd5 Bxd5 17. Bxd5 Qxd5 18. O-O Rac8 19. Re1 Bb4 20. Qxd5 Nxd5 21. Re5 Rfd8 22. g3 Nf6 23. Re2 Rd7 24. a3 Bf8 25. Kg2 Rdc7 26. Rd1 Rc2 27. Rxc2 Rxc2 28. Rd2 Rxd2 29. Nxd2 Bd6 30. f4 Kf8 31. Kf3 Ke7 32. Bd4 Ne8 33. Ke4 Ke6 34. f5+ Kd7 35. Nf3 f6 36. g4 Nc7 37. h4 Nb5 38. Kd5 Nxd4 39. Nxd4 Be5 40. Ne6 Bxb2 41. a4 a6 42. Nxg7 b5 43. axb5 axb5 44. Kc5 Ke7 45. Ne6 Be5 46. Kxb5 Bg3 47. h5 Kd6 48. Kc4 Ke5 49. Kd3 Be1 50. Ke3 Ba5 51. Kf3 Bb4 52. Nd8 Ba3 53. Nf7+ Kd5 54. Nxh6 Kd6 55. Ng8 Bb2 56. h6 1-0


[Site "https://www.chess.com"]

[Event "Titled Tuesday Blitz March 28 Late 2023"]
[White "Fiorito, Francisco"]
[Black "Zanette, Edgard Vinicius"]
[WhiteFideId "180165"]
[BlackFideId "2109263"]
[WhiteElo "2341"]
[BlackElo "2211"]
[Result "1-0"]
[Round "02"]
[TimeControl "180+2"]
[Date "2023.03.28"]
[WhiteClock "0:00:51"]
[BlackClock "0:00:26"]

1. d4 Nf6 2. Nc3 d5 3. Bf4 a6 4. e3 Bf5 5. Nf3 h6 6. Ne5 e6 7. g4 Bh7 8. h4 Nfd7 9. Bd3 Bxd3 10. Nxd3 Be7 11. Qf3 Bxh4 12. Bxc7 Bxf2+ 13. Kxf2 Qxc7 14. g5 Nc6 15. Ke2 Nb6 16. gxh6 Rxh6 17. Rxh6 gxh6 18. Qf6 Qh2+ 19. Nf2 Qh5+ 20. Kd3 Qg6+ 21. Qxg6 fxg6 22. Rh1 h5 23. Nh3 O-O-O 24. Nf4 Rg8 25. Nxe6 Ne7 26. Ng5 Rf8 27. b3 Rf5 28. Rg1 Kd7 29. e4 dxe4+ 30. Ncxe4 Nbd5 31. c4 Nf4+ 32. Ke3 b6 33. d5 Nc8 34. Nf3 Nd6 35. Nh4 Rf6 36. Nxf6+ 1-0


[Site "https://www.chess.com"]

[Event "Titled Tuesday Blitz March 28 Late 2023"]
[White "Mazibuko, Khanya"]
[Black "Aggelis, Nikolaos"]
[WhiteFideId "14321041"]
[BlackFideId "4213220"]
[WhiteElo "1873"]
[BlackElo "2189"]
[Result "0-1"]
[Round "02"]
[TimeControl "180+2"]
[Date "2023.03.28"]
[WhiteClock "0:00:01"]
[BlackClock "0:00:25"]

1. e4 c6 2. Nc3 d5 3. Nf3 Bg4 4. h3 Bxf3 5. Qxf3 e6 6. Be2 Nd7 7. d4 Qf6 8. Qd3 Qg6 9. O-O dxe4 10. Nxe4 Ngf6 11. Bf3 Nxe4 12. Bxe4 Qh5 13. Bf4 Be7 14. Qb3 Nb6 15. a4 Qh4 16. g3 Qxh3 17. a5 Nd5 18. Qxb7 Rd8 19. Qxc6+ Kf8 20. Bg2 Qh5 21. Bd2 Qg4 22. c4 Nf6 23. Bc3 h5 24. Qf3 Qg6 25. Rad1 h4 26. d5 h3 27. Bh1 h2+ 28. Kg2 Qh6 29. g4 exd5 30. cxd5 Qh4 31. d6 Bxd6 32. Bxf6 gxf6 33. Rfe1 Rg8 34. Re4 Rg5 35. Qh3 Qxh3+ 36. Kxh3 Rxa5 37. f4 Rb5 38. Rd2 f5 39. Red4 fxg4+ 40. Kxg4 Ke7 41. Bc6 Rb6 42. Bh1 Rg8+ 43. Kf3 Rb3+ 44. Ke4 Rb6 45. Rxh2 Rg1 46. Bf3 Re1+ 47. Kf5 Rb5+ 48. Rd5 Rb4 49. Rh4 Rf1 50. Be4 Rxb2 0-1


[Site "https://www.chess.com"]

[Event "Titled Tuesday Blitz March 28 Late 2023"]
[White "Nery Junior, Jose Antonio"]
[Black "Chylewski, Patryk"]
[WhiteFideId "2104822"]
[BlackFideId "1186191"]
[WhiteElo "2197"]
[BlackElo "2163"]
[Result "0-1"]
[Round "02"]
[TimeControl "180+2"]
[Date "2023.03.28"]
[WhiteClock "0:00:05"]
[BlackClock "0:00:24"]

1. e4 c6 2. d4 d5 3. e5 c5 4. dxc5 e6 5. Be3 Nd7 6. Bb5 Qc7 7. Nf3 Bxc5 8. Bxc5 Qxc5 9. Nc3 Ne7 10. O-O O-O 11. Re1 Ng6 12. h4 h6 13. Qd2 Qb4 14. h5 Ne7 15. a3 Qc5 16. Rad1 Qc7 17. Bd3 Nc5 18. Bf1 a6 19. Nd4 b5 20. Re3 Kh8 21. Rde1 Bb7 22. Rg3 Ne4 23. Nxe4 dxe4 24. Qf4 Rad8 25. Rxg7 Kxg7 26. Qf6+ Kh7 27. Re3 Nd5 28. Qh4 Nxe3 29. fxe3 Qxe5 30. Be2 Qg5 31. Qh3 Rg8 32. c3 e5 33. Nf5 Bc8 0-1


[Site "https://www.chess.com"]

[Event "Titled Tuesday Blitz March 28 Late 2023"]
[White "krucki03"]
[Black "Ronka, Erik"]
[BlackFideId "505080"]
[WhiteElo "2312"]
[BlackElo "2264"]
[Result "1-0"]
[Round "02"]
[TimeControl "180+2"]
[Date "2023.03.28"]
[WhiteClock "0:00:16"]
[BlackClock "0:00:16"]

1. e4 c5 2. Nf3 d6 3. d4 cxd4 4. Nxd4 Nf6 5. Nc3 g6 6. Be2 Bg7 7. O-O O-O 8. Be3 Nc6 9. Nb3 Be6 10. f4 Na5 11. Kh1 Bc4 12. Nxa5 Bxe2 13. Qxe2 Qxa5 14. Bd4 e5 15. fxe5 dxe5 16. Be3 Rac8 17. Bg5 Rc6 18. Bxf6 Rxf6 19. Rxf6 Bxf6 20. Nd5 Bg7 21. c3 f5 22. b4 Qd8 23. c4 h6 24. h3 b6 25. a4 Qh4 26. Qe1 Qd8 27. a5 Kh8 28. axb6 axb6 29. Ra7 Qg5 30. c5 bxc5 31. bxc5 fxe4 32. c6 e3 33. Qxe3 Qd8 34. Qe4 Qb8 35. Rb7 Qd6 36. Rd7 Qxc6 37. Rc7 Qd6 38. Rc1 Rd8 39. Rd1 Qe6 40. Rd3 Kh7 41. h4 h5 42. Nf4 Qb6 43. Rxd8 Qxd8 44. Qxg6+ Kh8 45. Qxg7+ Kxg7 46. Ne6+ Kf6 47. Nxd8 Kf5 48. g3 Kg4 49. Kg2 e4 50. Nc6 e3 51. Nd4 e2 52. Nxe2 Kf5 53. Nf4 Kg4 54. Kh2 Kf3 55. Nxh5 Kf2 56. Nf4 Kf1 57. h5 Kf2 58. h6 Kf3 59. h7 Kg4 60. h8=Q Kf5 61. Qh5+ Ke4 62. Qd5+ Ke3 63. Qd3+ Kf2 64. Qe2# 1-0


[Site "https://www.chess.com"]

[Event "Titled Tuesday Blitz March 28 Late 2023"]
[White "Onslow, Alfie"]
[Black "Toniutti, Ezio"]
[WhiteFideId "436976"]
[BlackFideId "113034"]
[WhiteElo "2114"]
[BlackElo "2215"]
[Result "1-0"]
[Round "02"]
[TimeControl "180+2"]
[Date "2023.03.28"]
[WhiteClock "0:00:05"]
[BlackClock "0:00:09"]

1. e4 e5 2. Bc4 Nf6 3. d3 Nc6 4. Nc3 Na5 5. Nf3 Nxc4 6. dxc4 d6 7. Qe2 Be7 8. Bg5 O-O 9. O-O-O Bd7 10. h4 a6 11. Nd5 Nxd5 12. cxd5 f5 13. Kb1 fxe4 14. Qxe4 h6 15. Be3 Bf5 16. Qc4 b5 17. Qc6 Qc8 18. Nd2 b4 19. f3 a5 20. g4 Bd7 21. Qc4 Rb8 22. h5 a4 23. g5 Bxg5 24. Bxg5 hxg5 25. h6 Rf4 26. Qe2 Bf5 27. hxg7 Kxg7 28. Qg2 Qd8 29. Rh5 Kg6 30. Rdh1 Qf8 31. Qxg5+ Kf7 32. Rh6 Ke8 33. Rf6 Qe7 34. Rxf5 Rxf5 35. Qxf5 1-0


[Site "https://www.chess.com"]

[Event "Titled Tuesday Blitz March 28 Late 2023"]
[White "Karamsetty, Jeevan"]
[Black "Jimenez, Joaquin"]
[WhiteFideId "2025337"]
[BlackFideId "109860"]
[WhiteElo "2111"]
[BlackElo "2163"]
[Result "0-1"]
[Round "02"]
[TimeControl "180+2"]
[Date "2023.03.28"]
[WhiteClock "0:00:20"]
[BlackClock "0:00:15"]

1. e4 e6 2. d4 d5 3. exd5 exd5 4. Bd3 Nc6 5. c3 Qh4 6. Nf3 Qh5 7. Bf4 Bg4 8. Bxc7 Kd7 9. Bf4 Re8+ 10. Be3 Nf6 11. Nbd2 Bd6 12. Qb3 Kc7 13. O-O-O Ne4 14. Be2 Nxf2 15. Bxf2 Rxe2 16. Bg3 Bxg3 17. hxg3 Qf5 18. Rhf1 Qd7 19. Rde1 Rhe8 20. Qb5 Rxe1+ 21. Rxe1 Rxe1+ 22. Nxe1 Qe6 23. Qf1 Bf5 24. Nef3 Bg6 25. Ng5 Qe7 26. Qf4+ Kb6 27. Kd1 f6 28. Ngf3 a6 29. c4 Nb4 30. c5+ Ka7 31. Qd6 Bc2+ 32. Kc1 Qxd6 33. cxd6 Bf5 34. a3 Nc6 35. Nb3 b6 36. Kd2 Kb7 37. Ke3 Kc8 38. Nh4 Bc2 39. Nd2 Kd7 40. g4 Kxd6 41. Ndf3 Ne7 42. Nd2 g5 43. Nhf3 Bg6 44. Ne1 h5 45. gxh5 Bxh5 46. Nd3 Nf5+ 47. Kf2 Nxd4 48. Nb4 a5 49. Nd3 Bg6 50. Ne1 Nc2 51. Nef3 g4 52. Nh4 Bh7 53. g3 Nd4 54. Ng2 Ne6 55. Ne3 d4 56. Nxg4 f5 57. Nf6 Bg6 58. g4 fxg4 59. Nxg4 Kc5 60. Kf3 Bh5 61. Kg3 Bxg4 62. Kxg4 Kd5 63. Kf3 Nc5 64. Ke2 Ne4 65. Nb3 Kc4 66. Nc1 Nc5 67. Kd2 Nb3+ 68. Nxb3 Kxb3 69. Kd3 Kxb2 70. a4 Ka3 71. Kxd4 Kxa4 72. Kc3 b5 73. Kb2 Kb4 74. Ka2 a4 75. Kb2 a3+ 76. Ka2 Ka4 77. Kb1 b4 78. Ka1 b3 79. Kb1 a2+ 80. Ka1 Kb4 81. Kb2 Kc4 82. Ka1 Kb4 83. Kb2 a1=Q+ 84. Kxa1 Ka3 85. Kb1 b2 86. Kc2 Ka2 87. Kc3 b1=Q 0-1


[Site "https://www.chess.com"]

[Event "Titled Tuesday Blitz March 28 Late 2023"]
[White "sebastianmarinp"]
[Black "Risteski, Emil"]
[BlackFideId "15005267"]
[WhiteElo "2302"]
[BlackElo "2251"]
[Result "0-1"]
[Round "02"]
[TimeControl "180+2"]
[Date "2023.03.28"]
[WhiteClock "0:01:35"]
[BlackClock "0:02:04"]

1. e4 d6 2. d4 Nf6 3. Nc3 e5 4. Nge2 Be7 5. h3 c6 6. a4 h5 7. g3 b6 8. Bg2 Bb7 9. O-O Nbd7 10. f4 Qc7 11. d5 cxd5 12. exd5 a6 13. Be3 exf4 14. Bxf4 Ne5 15. Nd4 g6 16. Bxe5 dxe5 17. Nc6 Bxc6 18. dxc6 O-O 19. Rxf6 Bxf6 20. Nd5 Qd6 21. Nxb6 Qc5+ 22. Kh2 Qxb6 23. Qd6 Bg7 24. b3 Qd4 25. Rd1 Qxd6 26. Rxd6 Rad8 0-1


[Site "https://www.chess.com"]

[Event "Titled Tuesday Blitz March 28 Late 2023"]
[White "Santos Flores, Alberto"]
[Black "Smith, Garrett L"]
[WhiteFideId "3601234"]
[BlackFideId "2024829"]
[WhiteElo "2235"]
[BlackElo "2300"]
[Result "0-1"]
[Round "02"]
[TimeControl "180+2"]
[Date "2023.03.28"]
[WhiteClock "0:00:16"]
[BlackClock "0:00:46"]

1. e4 c5 2. Nf3 Nc6 3. Nc3 e5 4. Bc4 Be7 5. d3 Nf6 6. Nd2 d6 7. Nf1 h6 8. Ne3 O-O 9. Ned5 Be6 10. O-O Nd4 11. f4 Rb8 12. f5 Bxd5 13. Nxd5 b5 14. Nxf6+ Bxf6 15. Bd5 b4 16. g3 Kh7 17. h4 a5 18. Bd2 a4 19. c3 bxc3 20. bxc3 Nb5 21. Kg2 a3 22. Rb1 Nc7 23. Bc4 Rxb1 24. Qxb1 d5 25. exd5 Nxd5 26. Qb7 Nb6 27. Qe4 Qd6 28. Be3 Nxc4 29. Qxc4 Rd8 30. Rd1 Qc6+ 31. Kf2 Rd5 32. Qb3 Qd7 33. c4 Qxf5+ 34. Kg2 Rd7 35. Qxa3 e4 36. Rf1 Qe6 37. Qxc5 exd3 38. Rd1 Qe4+ 39. Kf2 Bc3 40. a4 Bd4 41. Bxd4 Qe2+ 42. Kg1 Qxd1+ 43. Kg2 Qe2+ 44. Kh3 Qe6+ 45. Kg2 d2 0-1


[Site "https://www.chess.com"]

[Event "Titled Tuesday Blitz March 28 Late 2023"]
[White "Sarkar, Justin"]
[Black "Graif, William"]
[WhiteFideId "2010011"]
[BlackFideId "2609835"]
[WhiteElo "2189"]
[BlackElo "2205"]
[Result "0-1"]
[Round "02"]
[TimeControl "180+2"]
[Date "2023.03.28"]
[WhiteClock "0:00:02"]
[BlackClock "0:00:19"]

1. d4 Nf6 2. c4 e5 3. dxe5 Ng4 4. Bf4 Nc6 5. Nf3 f6 6. exf6 Qxf6 7. Qd2 Bb4 8. Nc3 Bxc3 9. bxc3 d6 10. e3 Be6 11. Nd4 O-O 12. Nxe6 Qxe6 13. Qd5 Rae8 14. Be2 Nf6 15. Qxe6+ Rxe6 16. O-O b6 17. Bf3 Ne4 18. Rfd1 Na5 19. Rd4 Nxc3 20. Rc1 Nxa2 21. Rb1 Nc3 22. Rb3 Nxb3 0-1


[Site "https://www.chess.com"]

[Event "Titled Tuesday Blitz March 28 Late 2023"]
[White "Ardila, Oscar Humberto"]
[Black "Karas, Marek"]
[WhiteFideId "4404742"]
[BlackFideId "14928558"]
[WhiteElo "1911"]
[BlackElo "2233"]
[Result "0-1"]
[Round "02"]
[TimeControl "180+2"]
[Date "2023.03.28"]
[WhiteClock "0:00:36"]
[BlackClock "0:00:05"]

1. d4 Nf6 2. c4 g6 3. Nc3 Bg7 4. Nf3 O-O 5. e3 d5 6. Be2 c6 7. O-O Bg4 8. b3 Nbd7 9. Bb2 Bxf3 10. Bxf3 e6 11. Rc1 Qe7 12. Re1 a5 13. a4 Rfe8 14. Ra1 dxc4 15. bxc4 e5 16. Ba3 Qd8 17. d5 e4 18. Be2 Ne5 19. d6 h5 20. Rb1 Rb8 21. Qd2 Qd7 22. c5 Qf5 23. Bf1 h4 24. h3 Qxh3 25. Ne2 Qg4 26. Nf4 g5 27. Be2 Nf3+ 28. Bxf3 exf3 29. Qd1 gxf4 30. Qxf3 Qxf3 31. gxf3 fxe3 32. fxe3 Nd7 33. Kg2 b6 34. cxb6 Nxb6 35. Rh1 Nc4 36. Bc5 Rxb1 37. Rxb1 Nxe3+ 38. Bxe3 Rxe3 39. Rd1 Re8 40. Kh3 Bf6 41. Kg4 c5 42. Kf5 Bd4 43. Rh1 Re6 44. Rxh4 Rxd6 45. Ke4 Re6+ 46. Kd5 Kf8 47. f4 Re3 48. Rh6 Ke7 49. Ra6 Rf3 50. Ke4 Re3+ 51. Kd5 Re1 52. Rxa5 Kf6 53. Ra7 Rd1 54. a5 c4 55. Ra6+ Kf5 56. Kxc4 Kxf4 57. Ra8 Be3 58. a6 f5 59. Rf8 Ra1 60. Rf6 Kg4 61. Kd3 f4 62. Ke4 Ra4+ 63. Kd3 Kf3 64. Rh6 Ra3+ 65. Kc4 Ke2 66. Rh2+ Bf2 67. Rh6 f3 68. Kd5 Be3 69. Ke4 Bxh6 0-1


[Site "https://www.chess.com"]

[Event "Titled Tuesday Blitz March 28 Late 2023"]
[White "Sreyas Payyappat"]
[Black "Wang, Alexander J"]
[WhiteFideId "46674969"]
[BlackFideId "30955270"]
[WhiteElo "2083"]
[BlackElo "2293"]
[Result "0-1"]
[Round "02"]
[TimeControl "180+2"]
[Date "2023.03.28"]
[WhiteClock "0:00:14"]
[BlackClock "0:00:25"]

1. e4 c5 2. Nf3 d6 3. d4 cxd4 4. Nxd4 Nf6 5. Nc3 g6 6. f4 Nc6 7. Be3 Bd7 8. Be2 Bg7 9. O-O O-O 10. Qd3 Nxd4 11. Bxd4 Bc6 12. Bf3 Nd7 13. Rad1 Nc5 14. Qe3 Bxd4 15. Qxd4 Ne6 16. Qe3 Qb6 17. Qxb6 axb6 18. f5 Nc5 19. f6 exf6 20. Rxd6 Kg7 21. Be2 Nxe4 22. Nxe4 Bxe4 23. Bc4 f5 24. Rxb6 Rfd8 25. Re1 Rd2 26. Re2 Rad8 27. Kf2 Rxe2+ 28. Bxe2 Rd2 29. c4 Rc2 30. g3 Bd3 31. Rxb7 Bxe2 32. Ke3 Bxc4 33. a4 Bd5 34. Rb6 Rc4 35. a5 Rc6 36. Rb8 g5 37. b4 Bc4 38. b5 Rc5 39. b6 Rxa5 40. b7 Rb5 41. Rc8 Rxb7 42. Rxc4 Rb3+ 43. Kf2 f6 44. Rc5 Kg6 45. Kg2 Rb2+ 46. Kg1 h5 47. Rc6 g4 48. Rc5 Rb4 49. Ra5 f4 50. gxf4 Rxf4 51. Kg2 Rb4 52. Kg3 f5 53. Kh4 Rb6 54. Rc5 Rf6 55. Ra5 f4 56. Rg5+ Kf7 57. Rxh5 f3 58. Rh7+ Kg8 59. Ra7 f2 60. Ra1 f1=Q 61. Rxf1 Rxf1 62. Kxg4 Kg7 0-1


[Site "https://www.chess.com"]

[Event "Titled Tuesday Blitz March 28 Late 2023"]
[White "Kohler, Aran"]
[Black "a-z30"]
[WhiteFideId "1002856"]
[WhiteElo "2291"]
[BlackElo "2514"]
[Result "1/2-1/2"]
[Round "02"]
[TimeControl "180+2"]
[Date "2023.03.28"]
[WhiteClock "0:00:11"]
[BlackClock "0:00:07"]

1. Nf3 d6 2. d4 Nf6 3. Bg5 g6 4. Nbd2 Bg7 5. e3 O-O 6. Bd3 c5 7. c3 Nc6 8. h4 h6 9. h5 hxg5 10. hxg6 Bg4 11. Qb3 d5 12. gxf7+ Rxf7 13. dxc5 Qd7 14. Nxg5 Ne5 15. Bc2 Bf5 16. Nxf7 Kxf7 17. O-O-O Nd3+ 18. Bxd3 Bxd3 19. Nf3 Bc4 20. Ne5+ Ke6 21. Qxc4 dxc4 22. Nxd7 Nxd7 23. Rh7 Bf6 24. Rh5 Rc8 25. f4 Nxc5 26. Kc2 a6 27. g4 Nd3 28. g5 Bg7 29. Rh6+ Bxh6 30. gxh6 Rh8 31. b3 b5 32. bxc4 bxc4 33. Rb1 Kf5 34. Rb6 e6 35. Rxa6 Rxh6 36. a4 Rh2+ 37. Kb1 Rb2+ 38. Ka1 Rb3 39. Ra8 Rxc3 40. Ka2 Rc2+ 41. Ka3 Re2 42. a5 Rxe3 43. Ka4 Nxf4 44. a6 Re1 45. Rf8+ Ke5 46. Kb5 c3 47. a7 Ra1 48. a8=Q Rxa8 49. Rxa8 Kd4 50. Kb4 Nd3+ 51. Kb3 Nc5+ 52. Kc2 e5 53. Rd8+ Kc4 54. Rc8 e4 55. Rc6 e3 56. Rc7 Kd4 57. Re7 Ne4 58. Rd7+ Ke5 59. Re7+ Kf4 60. Kd3 Nf2+ 61. Kxc3 Kf3 62. Rxe3+ Kxe3 1/2-1/2


[Site "https://www.chess.com"]

[Event "Titled Tuesday Blitz March 28 Late 2023"]
[White "Bogaudinov, Rushan"]
[Black "Yelisieiev, Yevhenii"]
[WhiteFideId "4129288"]
[BlackFideId "14139642"]
[WhiteElo "1949"]
[BlackElo "2447"]
[Result "1-0"]
[Round "02"]
[TimeControl "180+2"]
[Date "2023.03.28"]
[WhiteClock "0:00:15"]
[BlackClock "0:00:11"]

1. d4 d6 2. e4 Nf6 3. Nc3 e5 4. dxe5 dxe5 5. Qxd8+ Kxd8 6. Bg5 c6 7. O-O-O+ Nd7 8. f4 Ke8 9. Nf3 h6 10. Bh4 exf4 11. e5 Ng4 12. Ne4 g5 13. Be1 Bg7 14. Nd6+ Ke7 15. Nf5+ Kf8 16. Nxg7 Kxg7 17. Bc3 Nf2 18. e6+ Nf6 19. h4 g4 20. Ne5 Bxe6 21. Be2 Nxh1 22. Rxh1 Ne4 23. Nxg4+ Nxc3 24. bxc3 Bd5 25. Rf1 Rhe8 26. Bd3 h5 27. Nh2 Bxg2 28. Rg1 Kf6 29. Rxg2 Rg8 30. Rf2 Ke5 31. Nf3+ Kd6 32. Nd4 Rg4 33. Be2 Rg1+ 34. Kb2 Re8 35. Rxf4 c5 36. Nf5+ Ke5 37. Rf2 Rh1 38. Bxh5 Re6 39. Ne3 Rxh4 40. Bxf7 Rb6+ 41. Kc1 Rh1+ 42. Kd2 Rb2 43. Bb3 b5 44. c4 b4 45. Re2 Kf4 46. Nd5+ Kf3 47. Re3+ Kf2 48. Re2+ Kf3 49. Re3+ Kg4 50. Re2 Rbb1 51. Nf6+ Kf5 52. Ne4 Rbd1+ 53. Ke3 Rh3+ 54. Kf2 Kf4 55. Kg2 Rdh1 56. Nf2 R1h2+ 57. Kg1 Kf3 58. Nxh3 Rxe2 59. Ng5+ Kg3 60. Kf1 Re5 61. Nh7 Kf3 62. Nf6 Rf5 63. Nd5 Rh5 64. Ke1 Rh2 65. Kd1 Ke4 66. Kc1 Kd4 67. Kb2 a5 68. Nb6 Rh6 69. Na4 Ra6 70. a3 bxa3+ 71. Kxa3 Ra8 72. Nb6 Rb8 73. Nd5 Rh8 74. Ka4 Ra8 75. Kb5 Ra7 76. Nb6 Kc3 77. Na4+ Kd4 78. Nxc5 Ra8 79. Na4 Rb8+ 80. Kxa5 Ke5 81. c5 Kd4 82. Nb6 Kxc5 83. Nd7+ Kd6 84. Nxb8 Kc7 85. Kb4 Kxb8 86. Kc5 Kc7 87. Bd5 Kc8 88. c4 Kd8 89. Kd4 Kc7 90. c5 Kd7 91. Ke5 Kc7 92. c6 Kc8 93. Kd6 Kd8 94. Be6 Ke8 95. c7 Kf8 96. c8=Q+ Kg7 97. Qc5 Kf6 98. Qf5+ Kg7 99. Qg4+ Kh8 100. Qg8# 1-0


[Site "https://www.chess.com"]

[Event "Titled Tuesday Blitz March 28 Late 2023"]
[White "Vovk, Orest"]
[Black "Martinez, Shawn"]
[WhiteFideId "14113490"]
[BlackFideId "2039770"]
[WhiteElo "2215"]
[BlackElo "2174"]
[Result "1-0"]
[Round "02"]
[TimeControl "180+2"]
[Date "2023.03.28"]
[WhiteClock "0:00:57"]
[BlackClock "0:00:10"]

1. h4 e5 2. h5 d5 3. h6 Nxh6 4. d4 e4 5. Bxh6 gxh6 6. e3 Bg7 7. c4 c6 8. Qb3 Be6 9. Nc3 Qc7 10. Nh3 dxc4 11. Bxc4 Bxc4 12. Qxc4 Nd7 13. Nxe4 O-O-O 14. Qxf7 Rhg8 15. O-O-O Rdf8 16. Qe6 Kb8 17. Qd6 Qxd6 18. Nxd6 c5 19. d5 Ne5 20. Nf4 a6 21. Rh5 Kc7 22. Nf5 Nc4 23. Ne6+ Kd7 24. Nexg7 Nd6 25. Nxd6 Rxg7 26. Ne4 Rxg2 27. Nxc5+ Kd6 28. Ne4+ Ke7 29. Rxh6 Rf7 30. d6+ Kd7 31. Rdh1 Rgg7 32. Rxh7 Rxh7 33. Rxh7 Rxh7 34. Nf6+ Kxd6 35. Nxh7 b5 36. Kc2 Kc5 37. Kc3 a5 38. a3 b4+ 39. axb4+ axb4+ 40. Kb3 Kb5 41. f4 Kc5 42. e4 Kd4 43. e5 Ke4 44. e6 Kxf4 45. e7 Ke3 46. e8=Q+ Kf2 47. Kxb4 Kg1 48. Qg6+ Kf2 49. Kc3 Ke1 50. Qg2 Kd1 51. Qd2# 1-0


[Site "https://www.chess.com"]

[Event "Titled Tuesday Blitz March 28 Late 2023"]
[White "Garrido, Denis"]
[Black "Mortazavi, Ali"]
[WhiteFideId "601217"]
[BlackFideId "401323"]
[WhiteElo "2275"]
[BlackElo "2339"]
[Result "1-0"]
[Round "02"]
[TimeControl "180+2"]
[Date "2023.03.28"]
[WhiteClock "0:00:49"]
[BlackClock "0:00:20"]

1. e4 c6 2. d4 d5 3. e5 Bf5 4. h4 c5 5. dxc5 Nc6 6. Bf4 Qa5+ 7. Nd2 Qxc5 8. c4 dxc4 9. Bxc4 O-O-O 10. Rc1 Qa5 11. Nf3 e6 12. O-O Nh6 13. Qb3 Qb4 14. Qxb4 Bxb4 15. Bb5 Kc7 16. Nc4 Bd3 17. Rfd1 Bxc4 18. Bxc4 Rxd1+ 19. Rxd1 Rd8 20. Rxd8 Kxd8 21. Bxh6 gxh6 22. Bd3 Ba5 23. Bxh7 Bc7 24. Be4 Nxe5 25. Bxb7 Nd3 26. b3 Bb6 27. Kf1 Nxf2 28. Ne5 Ke7 29. Bf3 f5 30. Nc4 Ng4 31. Nxb6 axb6 32. Bxg4 fxg4 33. Kf2 h5 34. Ke3 Kd6 35. Kd4 b5 36. a4 bxa4 37. bxa4 e5+ 38. Ke4 Kc5 39. Kxe5 Kb4 40. Kf5 Kxa4 41. Kg5 Kb4 42. Kxh5 Kc4 43. Kxg4 Kd4 44. Kg5 Ke5 45. Kg6 Ke6 46. Kg7 Ke5 47. h5 1-0


[Site "https://www.chess.com"]

[Event "Titled Tuesday Blitz March 28 Late 2023"]
[White "Yurasova, Daria"]
[Black "De Souza, Cristiano Gomes"]
[WhiteFideId "34146919"]
[BlackFideId "2151758"]
[WhiteElo "2134"]
[BlackElo "2068"]
[Result "1-0"]
[Round "02"]
[TimeControl "180+2"]
[Date "2023.03.28"]
[WhiteClock "0:00:52"]
[BlackClock "0:01:15"]

1. d4 Nf6 2. Bg5 c5 3. d5 Qb6 4. b3 g6 5. c3 Bg7 6. Nf3 d6 7. Bxf6 Bxf6 8. e4 Nd7 9. Be2 Ne5 10. Nxe5 Bxe5 11. O-O O-O 12. Qc2 a6 13. Nd2 Qc7 14. Rad1 b5 15. c4 b4 16. f4 Bd4+ 17. Kh1 e6 18. Nf3 Bg7 19. e5 exd5 20. cxd5 Bb7 21. Bc4 Rad8 22. e6 fxe6 23. Ng5 exd5 24. Ne6 Qe7 25. Nxd8 dxc4 26. Nxb7 Qxb7 27. Qxc4+ Kh8 28. h3 Bd4 29. Rxd4 cxd4 30. Qxd4+ Kg8 31. Qxd6 Qe4 32. Qxa6 Rxf4 33. Qc8+ Kg7 34. Qc7+ 1-0


[Site "https://www.chess.com"]

[Event "Titled Tuesday Blitz March 28 Late 2023"]
[White "Muhammad, Shahzeb"]
[Black "Quinones Garcia, Santiago"]
[WhiteFideId "7804806"]
[BlackFideId "4408497"]
[WhiteElo "2266"]
[BlackElo "2263"]
[Result "0-1"]
[Round "02"]
[TimeControl "180+2"]
[Date "2023.03.28"]
[WhiteClock "0:00:14"]
[BlackClock "0:00:16"]

1. d4 Nf6 2. Nf3 g6 3. g3 Bg7 4. Bg2 O-O 5. O-O d6 6. h3 Nc6 7. Bg5 Bf5 8. a3 e5 9. d5 Ne7 10. Nc3 h6 11. Be3 a6 12. Qd2 Kh7 13. g4 Bd7 14. g5 hxg5 15. Nxg5+ Kg8 16. f4 Nf5 17. fxe5 dxe5 18. Bf2 Bh6 19. e4 Nd6 20. h4 Nh5 21. b3 f6 22. Be3 fxg5 23. hxg5 Bg7 24. Ne2 Qe7 25. Bf3 Nf4 26. Nxf4 exf4 27. Bxf4 Bxa1 28. Rxa1 Nxe4 29. Qh2 Nxg5 30. Bg2 Rae8 31. Bxc7 Nf3+ 32. Bxf3 Rxf3 33. Bf4 Qe4 34. Bc7 Qd4+ 35. Kg2 Rf2+ 36. Kg3 Qe3+ 37. Kh4 Rxh2+ 38. Bxh2 Re4+ 39. Bf4 Qxf4# 0-1


[Site "https://www.chess.com"]

[Event "Titled Tuesday Blitz March 28 Late 2023"]
[White "Golubev, Mikhail"]
[Black "Dubreuil, Julien"]
[WhiteFideId "14100983"]
[BlackFideId "621285"]
[WhiteElo "2374"]
[BlackElo "2264"]
[Result "0-1"]
[Round "02"]
[TimeControl "180+2"]
[Date "2023.03.28"]
[WhiteClock "0:00:03"]
[BlackClock "0:00:08"]

1. e4 e5 2. Nf3 Nc6 3. Bc4 Nf6 4. Ng5 d5 5. exd5 Na5 6. Bb5+ c6 7. dxc6 bxc6 8. Bd3 Nd5 9. Nf3 Nf4 10. O-O Nxd3 11. cxd3 Bc5 12. d4 exd4 13. Re1+ Be6 14. d3 O-O 15. Nbd2 Bd5 16. Ne4 Be7 17. Bd2 c5 18. Rc1 Rc8 19. b3 Nc6 20. Nxc5 Bd6 21. Ne4 Bb8 22. h3 h6 23. Rc5 Qd7 24. Qc1 Rfe8 25. Bxh6 Bxe4 26. dxe4 gxh6 27. Qxh6 Re6 28. Rg5+ Rg6 29. Rxg6+ fxg6 30. Qxg6+ Kf8 31. Ng5 Ne5 32. Qf6+ Ke8 0-1


[Site "https://www.chess.com"]

[Event "Titled Tuesday Blitz March 28 Late 2023"]
[White "morozcoma"]
[Black "Romkachess"]
[WhiteElo "2263"]
[BlackElo "2500"]
[Result "0-1"]
[Round "02"]
[TimeControl "180+2"]
[Date "2023.03.28"]
[WhiteClock "0:00:02"]
[BlackClock "0:00:12"]

1. e4 c5 2. Nf3 d6 3. Nc3 Nf6 4. Bc4 e6 5. d4 cxd4 6. Nxd4 a6 7. Bb3 Be7 8. O-O O-O 9. Be3 Nc6 10. f4 Bd7 11. f5 Nxd4 12. Bxd4 e5 13. Be3 Bc6 14. Qd3 Rc8 15. Rad1 b5 16. Bg5 b4 17. Bxf6 bxc3 18. Bxe7 Qxe7 19. f6 gxf6 20. bxc3 Kh8 21. Rf3 Rg8 22. Bd5 Bxd5 23. Qxd5 Rg4 24. Rdf1 Rcg8 25. g3 R4g6 26. Rd1 Rd8 27. Rfd3 Kg7 28. Qc6 h5 29. Rxd6 Rxd6 30. Qxd6 Qa7+ 31. Kg2 h4 32. Qd3 hxg3 33. hxg3 a5 34. Rh1 Qc7 35. Qf3 Rg5 36. Rd1 Qc4 37. Rd6 Rg6 38. Qd3 Qxa2 39. c4 Qb2 40. c5 a4 41. Ra6 a3 42. Rxa3 Qc1 43. Qf3 Rh6 44. Qg4+ Kh7 45. Qf5+ Kg7 46. Qg4+ Rg6 47. Qf3 Qd2+ 48. Qf2 Qd1 49. Rf3 Rh6 50. Qf1 Qxc2+ 51. Qf2 Qc3 52. Rf5 Qc4 53. g4 Qxe4+ 54. Qf3 Qc2+ 55. Qf2 Qc4 56. Kg3 Rg6 57. g5 Rxg5+ 58. Rxg5+ fxg5 59. Qe3 Qf4+ 60. Qxf4 gxf4+ 61. Kf3 Kf6 62. Ke4 Ke6 63. c6 f5+ 0-1


[Site "https://www.chess.com"]

[Event "Titled Tuesday Blitz March 28 Late 2023"]
[White "Estrada Nieto, Julian"]
[Black "OKEKE, Isaac Chukwudalu"]
[WhiteFideId "5101018"]
[BlackFideId "8508526"]
[WhiteElo "2176"]
[BlackElo "2161"]
[Result "1-0"]
[Round "02"]
[TimeControl "180+2"]
[Date "2023.03.28"]
[WhiteClock "0:02:22"]
[BlackClock "0:01:46"]

1. e4 c5 2. Nf3 d6 3. Bb5+ Nd7 4. d4 cxd4 5. Qxd4 Nf6 6. Bg5 e6 7. Nc3 Be7 8. O-O-O Qc7 9. e5 dxe5 10. Nxe5 a6 11. Bxd7+ Bxd7 12. Bxf6 Bxf6 13. Qxd7+ Qxd7 14. Nxd7 1-0


[Site "https://www.chess.com"]